 Dungeon Crawl Stone Soup version 0.29.1-13-g9f3cf754e1 (webtiles) character file.

Game seed: 3316974470602659194

85 hbarley the Trooper (level 4, 0/41 HPs)
             Began as a Hill Orc Fighter on Feb 1, 2023.
             Slain by an adder (1 damage)
             ... on level 2 of the Dungeon.
             The game lasted 00:02:54 (1419 turns).

hbarley the Trooper (Hill Orc Fighter)              Turns: 1419, Time: 00:02:55

Health: 0/41       AC:  7    Str: 18    XL:     4   Next: 48%
Magic:  4/4        EV:  9    Int:  8    God:
Gold:   52         SH:  4    Dex: 12    Spells: 3/3 levels left

rFire   . . .      SeeInvis .   a - +0 war axe
rCold   . . .      Faith    .   c - +0 buckler
rNeg    . . .      Spirit   .   b - +0 scale mail
rPois   .          Reflect  .   (no helmet)
rElec   .          Harm     .   (no cloak)
rCorr   .          Rampage  .   (no gloves)
Will    .....                   (no boots)
Stlth   ..........              (no amulet)
HPRegen 0.13/turn               (no ring)
MPRegen 0.09/turn               (no ring)

@: no status effects
A: no striking features
a: no special abilities


You were on level 2 of the Dungeon.
You visited 1 branch of the dungeon, and saw 2 of its levels.

You collected 52 gold pieces.

Inventory:

Hand Weapons
 a - a +0 war axe (weapon)
Missiles
 g - 2 poisoned darts (quivered)
 i - 4 atropa-tipped darts
Armour
 b - a +0 scale mail (worn)
 c - a +0 buckler (worn)
Wands
 e - a wand of paralysis (6)
Scrolls
 f - 2 scrolls of poison {unknown}
Potions
 d - a potion of might
 h - 2 potions of magic {unknown}
 j - a potion of invisibility {unknown}


   Skills:
 + Level 4.4 Fighting
 + Level 3.8 Axes
 + Level 4.2 Armour
 + Level 0.2 Dodging
 + Level 3.6 Shields


You had 3 spell levels left.
You didn't know any spells.
Your spell library contained the following spells:

 Spells                   Type           Power      Damage    Failure   Level
 Dazzling Flash           Conj/Hex       0%         N/A       99%         3
 Inner Flame              Hex/Fire       0%         N/A       99%         3
 Cause Fear               Hex            0%         N/A       100%        4
 Agony                    Necr           0%         N/A       100%        5
 Silence                  Hex/Air        0%         N/A       100%        5
 Discord                  Hex            0%         N/A       100%        8


Dungeon Overview and Level Annotations

Branches:
Dungeon (2/15)

Altars:


Message History

You closely miss the adder. The adder barely misses you.
You hit the adder.
The adder is lightly wounded.
The adder bites you but does no damage. x2
You barely miss the adder.
The adder is lightly wounded.
The adder bites you.
* * * LOW HITPOINT WARNING * * *
You are poisoned.
The adder poisons you! The adder bites you.
* * * LOW HITPOINT WARNING * * *
You hit the adder.
The adder is lightly wounded.
* * * LOW HITPOINT WARNING * * *
You feel sick. The adder barely misses you. The adder completely misses you.
You closely miss the adder.
The adder is lightly wounded.
* * * LOW HITPOINT WARNING * * *
You feel sick. The adder bites you but does no damage.
You barely miss the adder.
The adder is lightly wounded.
You feel sick. The adder closely misses you.
A ball python comes into view.
The adder bites you.
* * * LOW HITPOINT WARNING * * *
The ball python hisses angrily.
You hit the adder.
The adder is heavily wounded.
* * * LOW HITPOINT WARNING * * *
You feel sick. The adder barely misses you. You block the adder's attack.
You barely miss the adder.
The adder is heavily wounded.
* * * LOW HITPOINT WARNING * * *
You feel sick.
You are no longer poisoned.
You block the adder's attack. The adder closely misses you.
You hit the adder.
The adder is almost dead.
The adder bites you.
You die...

#... ... #... #.#
#.... ##.# #.... #..#
......##..#
......#...# #########
.......[#)###.......#
.....>.S@).....$....#
......###)###.######
..... #.# #.#
######### .... #.#
#)# #........ ... #.#
#.###........ .. #.#
#.........†.. .
#....####........ ##
####.#........... #.
..#.#.#.##+#####


You could see an adder.

Vanquished Creatures
  Jessica (D:2)
  Robin (D:2)
  An adder (D:2)
  2 worms (D:2)
  3 ball pythons (D:2)
  2 endoplasms
  11 goblins
  5 hobgoblins (D:2)
  A kobold (D:2)
  3 quokkas
  2 rats (D:2)
32 creatures vanquished.

Notes
Turn   | Place    | Note
-------+----------+-------------------------------------------
     0 | D:1      | hbarley the Hill Orc Fighter began the quest for the Orb.
     0 | D:1      | Reached XP level 1. HP: 19/19 MP: 1/1
   262 | D:1      | Found a faded altar of an unknown god.
   695 | D:2      | Reached XP level 2. HP: 27/27 MP: 2/2
  1007 | D:2      | Reached XP level 3. HP: 29/33 MP: 3/3
  1156 | D:2      | Noticed Jessica
  1160 | D:2      | Killed Jessica
  1323 | D:2      | Reached XP level 4. HP: 41/41 MP: 4/4
  1395 | D:2      | Noticed Robin
  1404 | D:2      | Killed Robin
  1417 | D:2      | HP: 2/41 [poisoned by an adder]
  1419 | D:2      | Slain by an adder

Illustrated notes

Levels and vault maps discovered:
D:1:      nicolae_arrival_somewhat_less_tricky_arrival, layout_loops_ring,
          hellmonk_ecumenical_altar_lost_god
D:2:      layout_basic, uniq_crazy_yiuf_cottage, uniq_sigmund, uniq_jessica,
          uniq_robin

Skill      XL: |  1  2  3  4 |
---------------+-------------+-----
Fighting       | 4 |  4.4
Axes           | 3 |  3.8
Armour         | 4 |  4.2
Dodging        | |  0.2
Shields        | |  3.6

Action                   |  1- 3 |  4- 6 || total
-------------------------+-------+-------++-------
Melee: War axe           |    57 |    43 ||   100
Throw: Dart              |     2 |       ||     2
Armor: Scale mail        |    21 |    22 ||    43
Dodge: Dodged            |    25 |    21 ||    46
Block: Buckler           |    10 |     8 ||    18
